IL
GWINNETT BRAVES @ LAS VEGAS 51S
09/14/2049
 
TOP OF THE 1ST
Gwinnett Braves batting - Pitching for Las Vegas 51s : RHP Hugo Valentin
Pitching: RHP Hugo Valentin
Batting: RHB Jeremy Giesler 0-0: Ball
1-0: Ball
2-0: Fly out, F8 (Line Drive, 8RM, EV 111.9 MPH)
Batting: RHB Alex Munoz 0-0: DOUBLE (Groundball, 3L, EV 106.9 MPH)
Batting: SHB Bob Morales 0-0: Ball
1-0: Foul Ball, location: 2F
1-1: Ball
2-1: SINGLE (Line Drive, 6D, EV 108.1 MPH)
Alex Munoz to third
Batting: RHB Muneer Maudad 0-0: Ball
1-0: Called Strike
1-1: Foul Ball, location: 2F
1-2: SINGLE (Line Drive, 34, EV 96.9 MPH)
Alex Munoz scores
Bob Morales to second
Batting: SHB Brian Bagley 0-0: Ball
1-0: Ball
2-0: Ball
3-0: Called Strike
3-1: Fly out, F3 (Popup, 3DF, EV 74.4 MPH)
Batting: RHB Jesse Lester 0-0: Called Strike
0-1: Swinging Strike
0-2: Strikes out swinging
Top of the 1st over - 1 run, 3 hits, 0 errors, 2 left on base; Gwinnett 1 - Las Vegas 0
BOTTOM OF THE 1ST
Las Vegas 51s batting - Pitching for Gwinnett Braves : LHP Eduardo Baez
Pitching: LHP Eduardo Baez
Batting: RHB Koen van Oort 0-0: Ball
1-0: Called Strike
1-1: Hit by Pitch
Batting: SHB Jason Evans 0-0: Fielders Choice at 2nd, 6-4 (Groundball, 6, EV 84.4 MPH)
Batting: SHB Masatoshi Akahoshi 0-0: Swinging Strike
0-1: Ball
1-1: Ground out 4-3 (Groundball, 34S, EV 91.9 MPH)
Jason Evans to second
Batting: RHB Andy Carrell 0-0: Called Strike
0-1: Foul Ball, location: 2F
0-2: Strikes out swinging
Bottom of the 1st over - 0 runs, 0 hits, 0 errors, 1 left on base; Gwinnett 1 - Las Vegas 0
TOP OF THE 2ND
Gwinnett Braves batting - Pitching for Las Vegas 51s : RHP Hugo Valentin
Batting: RHB Edgar Castillo 0-0: Called Strike
0-1: SINGLE (Line Drive, 78S, EV 97.5 MPH)
Batting: RHB Riley Nasiir 0-0: Ball
1-0: Ball
2-0: Called Strike
2-1: Called Strike
2-2: SINGLE (Line Drive, 8RS, EV 105.6 MPH)
Edgar Castillo to second
Batting: SHB Eric Reeser 0-0: Ball
1-0: Ball
2-0: Ball
3-0: Base on Balls
Edgar Castillo to third
Riley Nasiir to second
Batting: RHB Jeremy Giesler 0-0: Ball
1-0: Fielders Choice at 2nd, 3-6 (Groundball, 34, EV 78.8 MPH)
Edgar Castillo scores
Riley Nasiir to third
Batting: RHB Alex Munoz 0-0: Ball
Jeremy Giesler steals 2nd base
1-0: Ball
2-0: Called Strike
2-1: Fly out, F9 (Flyball, 9S, EV 90.0 MPH)
Batting: SHB Bob Morales 0-0: SINGLE (Groundball, 3S, EV 66.2 MPH) (infield hit)
Riley Nasiir scores
Jeremy Giesler to third
Batting: RHB Muneer Maudad 0-0: Ball
1-0: Ball
2-0: Swinging Strike
2-1: Foul Ball, location: 2F
2-2: Foul Ball, location: 2F
2-2: Foul Ball, location: 2F
2-2: Foul Ball, location: 2F
2-2: Strikes out swinging
Top of the 2nd over - 2 runs, 3 hits, 0 errors, 2 left on base; Gwinnett 3 - Las Vegas 0
BOTTOM OF THE 2ND
Las Vegas 51s batting - Pitching for Gwinnett Braves : LHP Eduardo Baez
Batting: RHB Devine Adams 0-0: Swinging Strike
0-1: Ball
1-1: Fly out, F9 (Flyball, 9, EV 93.1 MPH)
Batting: SHB Justin Wallace 0-0: Ball
1-0: SINGLE (Line Drive, 8LS, EV 88.1 MPH)
Pitching: RHP Steve Dripps
Batting: RHB Nate Henderson 0-0: Ball
1-0: Called Strike
1-1: Ball
2-1: Ball
3-1: Foul Ball, location: 2F
3-2: Base on Balls
Justin Wallace to second
Batting: RHB Jayden Copeland 0-0: Ball
1-0: Ball
2-0: Foul Ball, location: 2F
2-1: Called Strike
2-2: Ball
3-2: Base on Balls
Justin Wallace to third
Nate Henderson to second
Batting: RHB Omar Novoa 0-0: SINGLE (Line Drive, 8RS, EV 105.6 MPH)
Justin Wallace scores
Nate Henderson to third
Jayden Copeland to second
Batting: RHB Koen van Oort 0-0: Ball
1-0: Ball
2-0: Ball
3-0: Called Strike
3-1: Foul Ball, location: 2F
3-2: Base on Balls
Nate Henderson scores
Jayden Copeland to third
Omar Novoa to second
Batting: SHB Jason Evans 0-0: Ball
1-0: SINGLE (Groundball, 34D, EV 105.0 MPH)
Jayden Copeland scores
Omar Novoa to third
Koen van Oort to second
Runner from 3rd tries for Home, throw by RF and OUT! 9-2
Batting: SHB Masatoshi Akahoshi 0-0: Foul Ball, location: 2F
0-1: Fielders Choice at 2nd, 5-4 (Groundball, 5, EV 77.5 MPH)
Bottom of the 2nd over - 3 runs, 3 hits, 0 errors, 2 left on base; Gwinnett 3 - Las Vegas 3
TOP OF THE 3RD
Gwinnett Braves batting - Pitching for Las Vegas 51s : RHP Hugo Valentin
Batting: SHB Brian Bagley 0-0: Ball
1-0: Ground out 4-3 (Groundball, 4, EV 91.9 MPH)
Batting: RHB Jesse Lester 0-0: Ball
1-0: Ground out 5-3 (Groundball, 56, EV 111.2 MPH)
Batting: RHB Edgar Castillo 0-0: Ball
1-0: Ball
2-0: Ball
3-0: Foul Ball, location: 2F
3-1: SINGLE (Groundball, 6D, EV 97.5 MPH)
Batting: RHB Riley Nasiir 0-0: Called Strike
0-1: Ball
1-1: Ball
2-1: Fly out, F5 (Popup, 25F, EV 78.1 MPH)
Top of the 3rd over - 0 runs, 1 hit, 0 errors, 1 left on base; Gwinnett 3 - Las Vegas 3
BOTTOM OF THE 3RD
Las Vegas 51s batting - Pitching for Gwinnett Braves : RHP Steve Dripps
Batting: RHB Andy Carrell 0-0: Ball
1-0: Called Strike
1-1: Ground out U3 (Groundball, 34D, EV 86.9 MPH)
Batting: RHB Devine Adams 0-0: Ball
1-0: Foul Ball, location: 2F
1-1: Ball
2-1: Ball
3-1: Base on Balls
Batting: SHB Justin Wallace 0-0: SINGLE (Groundball, 4MD, EV 93.8 MPH)
Devine Adams to second
Batting: RHB Nate Henderson 0-0: Ball
Devine Adams steals 3rd, throwing error, E2
Devine Adams scores
Justin Wallace to third
1-0: SINGLE (Groundball, 56, EV 111.9 MPH)
Justin Wallace scores
Pitching: RHP Rashid bin Ala'
Batting: RHB Jayden Copeland 0-0: Ball
1-0: Ground out 5-3 (Groundball, 15, EV 78.8 MPH)
Nate Henderson to second
Batting: RHB Omar Novoa 0-0: Called Strike
0-1: Ball
1-1: Ball
2-1: Ball
3-1: Ground out U3 (Groundball, 3S, EV 89.4 MPH)
Bottom of the 3rd over - 2 runs, 2 hits, 1 error, 1 left on base; Gwinnett 3 - Las Vegas 5
TOP OF THE 4TH
Gwinnett Braves batting - Pitching for Las Vegas 51s : RHP Hugo Valentin
Batting: SHB Eric Reeser 0-0: Called Strike
0-1: Fly out, F8 (Flyball, 8LD, EV 101.9 MPH)
Batting: RHB Jeremy Giesler 0-0: Ball
1-0: Fly out, F2 (Popup, 23F, EV 80.6 MPH)
Batting: RHB Alex Munoz 0-0: Foul Ball, location: 2F
0-1: Ball
1-1: Ground out 6-3 (Groundball, 6, EV 106.2 MPH)
Top of the 4th over - 0 runs, 0 hits, 0 errors, 0 left on base; Gwinnett 3 - Las Vegas 5
BOTTOM OF THE 4TH
Las Vegas 51s batting - Pitching for Gwinnett Braves : RHP Rashid bin Ala'
Batting: RHB Koen van Oort 0-0: Ball
1-0: Fly out, F8 (Flyball, 8RM, EV 95.6 MPH)
Batting: SHB Jason Evans 0-0: Ball
1-0: Ball
2-0: Called Strike
2-1: Ball
3-1: DOUBLE (Line Drive, 7LM, EV 105.0 MPH)
Batting: SHB Masatoshi Akahoshi 0-0: Ball
1-0: Ball
2-0: Ball
3-0: Called Strike
3-1: Foul Ball, location: 2F
3-2: Base on Balls
Batting: RHB Andy Carrell 0-0: Called Strike
0-1: Ball
1-1: Ball
2-1: Called Strike
2-2: Ball
3-2: Strikes out swinging
Batting: RHB Devine Adams 0-0: Foul Ball, location: 2F
0-1: Foul Ball, location: 2F
0-2: 3-RUN HOME RUN (Flyball, 9LD, EV 108.1 MPH), Distance : 398 ft
Pitching: LHP Pete McAllister
Batting: SHB Justin Wallace 0-0: Foul Ball, location: 2F
0-1: Foul Ball, location: 2F
0-2: Ball
1-2: Fly out, F9 (Flyball, 89M, EV 81.2 MPH)
Bottom of the 4th over - 3 runs, 2 hits, 0 errors, 0 left on base; Gwinnett 3 - Las Vegas 8
TOP OF THE 5TH
Gwinnett Braves batting - Pitching for Las Vegas 51s : RHP Hugo Valentin
Batting: SHB Bob Morales 0-0: Fly out, F7 (Line Drive, 7, EV 96.9 MPH)
Batting: RHB Muneer Maudad 0-0: Called Strike
0-1: Foul Ball, location: 2F
0-2: SINGLE (Groundball, 6MD, EV 101.9 MPH)
Batting: SHB Brian Bagley 0-0: Ball
1-0: Foul Ball, location: 2F
1-1: Called Strike
1-2: Foul Ball, location: 2F
1-2: Ball
2-2: Ball
3-2: Strikes out swinging
Batting: RHB Jesse Lester 0-0: Called Strike
0-1: Foul Ball, location: 2F
0-2: Ball
1-2: Foul Ball, location: 2F
1-2: Strikes out looking
Top of the 5th over - 0 runs, 1 hit, 0 errors, 1 left on base; Gwinnett 3 - Las Vegas 8
BOTTOM OF THE 5TH
Las Vegas 51s batting - Pitching for Gwinnett Braves : LHP Pete McAllister
Batting: RHB Nate Henderson 0-0: Ball
1-0: Ball
2-0: Foul Ball, location: 2F
2-1: SOLO HOME RUN (Flyball, 89XD, EV 108.8 MPH), Distance : 409 ft
Batting: RHB Jayden Copeland 0-0: Ball
1-0: Called Strike
1-1: Ball
2-1: Ball
3-1: Called Strike
3-2: Base on Balls
Batting: RHB Omar Novoa 0-0: Foul Ball, location: 2F
0-1: Fly out, F8 (Line Drive, 8LD, EV 101.2 MPH)
Batting: RHB Koen van Oort 0-0: Called Strike
0-1: Ball
1-1: Grounds into double play, 5-4-3 (Groundball, 5, EV 88.1 MPH)
Bottom of the 5th over - 1 run, 1 hit, 0 errors, 0 left on base; Gwinnett 3 - Las Vegas 9
TOP OF THE 6TH
Gwinnett Braves batting - Pitching for Las Vegas 51s : RHP Hugo Valentin
Batting: RHB Edgar Castillo 0-0: Ball
1-0: Ball
2-0: SINGLE (Groundball, 6D, EV 95.0 MPH)
Batting: RHB Riley Nasiir 0-0: Ball
1-0: Fly out, F7 (Line Drive, 78M, EV 87.5 MPH)
Batting: SHB Eric Reeser 0-0: Ball
1-0: Ball
2-0: Called Strike
2-1: Ball
3-1: Called Strike
3-2: Foul Ball, location: 2F
3-2: Strikes out swinging
Edgar Castillo is caught stealing 2nd base 2-6
Batter strikes out.
Top of the 6th over - 0 runs, 1 hit, 0 errors, 0 left on base; Gwinnett 3 - Las Vegas 9
BOTTOM OF THE 6TH
Las Vegas 51s batting - Pitching for Gwinnett Braves : LHP Pete McAllister
Batting: SHB Jason Evans 0-0: Called Strike
0-1: Ball
1-1: Fly out, F9 (Line Drive, 9S, EV 104.4 MPH)
Batting: SHB Masatoshi Akahoshi 0-0: Fly out, F8 (Flyball, 89M, EV 97.5 MPH)
Batting: RHB Andy Carrell 0-0: Called Strike
0-1: Ball
1-1: Called Strike
1-2: Foul Ball, location: 2F
1-2: Foul Ball, location: 2F
1-2: Foul Ball, location: 2F
1-2: Ball
2-2: Strikes out swinging
Bottom of the 6th over - 0 runs, 0 hits, 0 errors, 0 left on base; Gwinnett 3 - Las Vegas 9
TOP OF THE 7TH
Gwinnett Braves batting - Pitching for Las Vegas 51s : RHP Hugo Valentin
Batting: RHB Jeremy Giesler 0-0: Foul Ball, location: 2F
0-1: SINGLE (Groundball, 56S, EV 63.1 MPH) (infield hit)
Batting: RHB Alex Munoz 0-0: Ball
1-0: Ball
2-0: Called Strike
2-1: Ball
3-1: Grounds into double play, 6-4-3 (Groundball, 6, EV 96.2 MPH)
Batting: SHB Bob Morales 0-0: Ball
1-0: Ball
2-0: Foul Ball, location: 2F
2-1: Called Strike
2-2: Ground out 6-3 (Groundball, 6, EV 86.2 MPH)
Top of the 7th over - 0 runs, 1 hit, 0 errors, 0 left on base; Gwinnett 3 - Las Vegas 9
BOTTOM OF THE 7TH
Las Vegas 51s batting - Pitching for Gwinnett Braves : LHP Pete McAllister
Batting: RHB Devine Adams 0-0: Swinging Strike
0-1: Ball
1-1: SINGLE (Line Drive, 6D, EV 105.0 MPH)
Batting: SHB Justin Wallace 0-0: Ball
1-0: Called Strike
1-1: Fly out, F7 (Flyball, 7D, EV 101.9 MPH)
Pitching: RHP Orlando Velazquez
Batting: RHB Nate Henderson 0-0: Called Strike
0-1: Ball
1-1: Ball
2-1: Fly out, F8 (Flyball, 8LD, EV 88.8 MPH)
Batting: RHB Jayden Copeland 0-0: Ball
1-0: Ball
2-0: Ball
3-0: Base on Balls
Devine Adams to second
Batting: RHB Omar Novoa 0-0: Swinging Strike
0-1: Ball
1-1: Foul Ball, location: 2F
1-2: Ball
2-2: Foul Ball, location: 2F
2-2: Foul Ball, location: 2F
2-2: Foul Ball, location: 2F
2-2: Strikes out swinging
Bottom of the 7th over - 0 runs, 1 hit, 0 errors, 2 left on base; Gwinnett 3 - Las Vegas 9
TOP OF THE 8TH
Gwinnett Braves batting - Pitching for Las Vegas 51s : RHP Hugo Valentin
Pitching: RHP Barney Pederson
Batting: RHB Muneer Maudad 0-0: Called Strike
0-1: Ball
1-1: Ball
2-1: Ball
3-1: Fly out, F8 (Flyball, 8LM, EV 85.6 MPH)
Batting: SHB Brian Bagley 0-0: Called Strike
0-1: Ball
1-1: Called Strike
1-2: Ball
2-2: Ground out 4-3 (Groundball, 34D, EV 95.6 MPH)
Batting: RHB Jesse Lester 0-0: Ball
1-0: Foul Ball, location: 2F
1-1: Foul Ball, location: 2F
1-2: SINGLE (Flyball, 6D, EV 90.6 MPH)
Batting: RHB Edgar Castillo 0-0: Foul Ball, location: 2F
0-1: Ball
1-1: Ground out 4-3 (Groundball, 4S, EV 80.0 MPH)
Top of the 8th over - 0 runs, 1 hit, 0 errors, 1 left on base; Gwinnett 3 - Las Vegas 9
BOTTOM OF THE 8TH
Las Vegas 51s batting - Pitching for Gwinnett Braves : RHP Orlando Velazquez
Batting: RHB Koen van Oort 0-0: Ball
1-0: Ball
2-0: Called Strike
2-1: Foul Ball, location: 2F
2-2: Foul Ball, location: 2F
2-2: Ground out 6-3 (Groundball, 6S, EV 67.5 MPH)
Batting: SHB Jason Evans 0-0: Swinging Strike
0-1: Ball
1-1: Ball
2-1: Ball
3-1: Base on Balls
Batting: SHB Masatoshi Akahoshi Pickoff Throw to First - Out! 1-3
0-0: Foul Ball, location: 2F
0-1: Ball
1-1: Ground out U3 (Groundball, 3, EV 84.4 MPH)
Bottom of the 8th over - 0 runs, 0 hits, 0 errors, 0 left on base; Gwinnett 3 - Las Vegas 9
TOP OF THE 9TH
Gwinnett Braves batting - Pitching for Las Vegas 51s : RHP Barney Pederson
Batting: RHB Riley Nasiir 0-0: Ball
1-0: Fly out, F7 (Flyball, 7D, EV 96.9 MPH)
Batting: SHB Eric Reeser 0-0: Ball
1-0: Foul Ball, location: 2F
1-1: Ball
2-1: Ground out 4-3 (Groundball, 4, EV 83.1 MPH)
Batting: RHB Jeremy Giesler 0-0: Ball
1-0: Ground out 6-3 (Groundball, 6, EV 83.8 MPH)
Top of the 9th over - 0 runs, 0 hits, 0 errors, 0 left on base; Gwinnett 3 - Las Vegas 9
Sunday, July 16th , 2023 - OOTP Baseball 24.6 Build 69